 Dungeon Crawl Stone Soup version 0.31.0-1-g2c135a0 (webtiles) character file.

Game seed: 383977912585591700

216028 login18 the Spry (level 18, -4/191 HPs)
             Began as a Pale Draconian Shapeshifter on Apr 22, 2024.
             Was the Champion of Wu Jian.
             Slain by a caustic shrike simulacrum (16 damage)
             ... summoned by an orange crystal statue
             ... in an ice cave on Apr 23, 2024.
             The game lasted 01:26:30 (32112 turns).

login18 the Spry (Pale Draconian Shapeshifter)     Turns: 32112, Time: 01:26:31

Health: -4/191     AC: 28    Str: 24    XL:     18   Next: 34%
Magic:  12/39      EV: 17    Int: 14    God:    Wu Jian [******]
Gold:   1526       SH: 22    Dex: 13    Spells: 28/34 levels left

rFire   + . .        n - +8 flail of Efocy {spect, Int+3}
rCold   + . .        S - +1 tower shield {rPois}
rNeg    + . .        (body armour unavailable)
rPois   ∞            P - +1 hat {SInv}
rElec   +            a - +1 cloak {Will+}
rCorr   .            N - melded +1 pair of gloves "Ahi Dokui" {rC+ rN+}
SInv    +            x - melded +0 pair of boots
Will    ++...        L - amulet of reflection
Stlth   +            b - ring "Emet" {rF+ MP+9 Str+2}
HPRegen 0.51/turn    X - ring of protection from cold
MPRegen 0.26/turn

%: reflection
@: mighty, about to teleport, statue-form, very slightly contaminated, slowed,
very slow
A: slow and powerful, torment resistance 1, boosted hp, (breathe steam), AC +10,
unfitting armour, cold-blooded, steam resistance
}: 1/15 runes: decaying
a: Begin Untransformation, Renounce Religion, Wall Jump, Serpent's Lash,
Heavenly Storm


You were in an ice cave.
You worshipped Wu Jian.
Wu Jian was exalted by your worship.
You were a living statue of rough stone.
You visited 6 branches of the dungeon, and saw 31 of its levels.
You also visited: Gauntlet and Ice Cave.

You collected 2969 gold pieces.
You spent 1443 gold pieces at shops.

Inventory:

Hand Weapons
 n - the +8 flail of Efocy (weapon) {spect, Int+3}
   (You found it on level 3 of the Dungeon)

   Int+3:     It affects your intelligence (+3).
 U - a +0 flail
Missiles
 g - 12 curare-tipped darts
 u - 15 javelins (quivered)
 w - 9 atropa-tipped darts
Armour
 a - a +1 cloak of willpower (worn)
 x - a +0 pair of boots (melded)
 N - the +1 pair of gloves "Ahi Dokui" (melded) {rC+ rN+}
   (You found it on level 10 of the Dungeon)

   rC+:       It protects you from cold.
   rN+:       It protects you from negative energy.
 P - a +1 hat of see invisible (worn)
 S - a +1 tower shield of poison resistance (worn)
Jewellery
 b - the ring "Emet" (left fist) {rF+ MP+9 Str+2}
   (You took it off a minotaur in a Gauntlet)

   [ring of magical power]

   Str+2:     It affects your strength (+2).
   rF+:       It protects you from fire.
   MP+9:      It affects your magic capacity (+9).
 c - a ring of willpower
 L - an amulet of reflection (around neck)
 X - a ring of protection from cold (right fist)
 Y - a ring of resist corrosion
Talismans
 m - a granite talisman (active)
Wands
 z - a wand of flame (49)
 A - a wand of polymorph (9)
 O - a wand of light (12)
 R - a wand of digging (3)
 T - a wand of paralysis (32)
 W - a wand of roots (14)
 Z - a wand of mindburst (21)
Scrolls
 d - 5 scrolls of teleportation
 f - 2 scrolls of poison
 l - 2 scrolls of torment
 q - 8 scrolls of vulnerability
 r - 5 scrolls of revelation
 s - 3 scrolls of immolation
 v - 3 scrolls of noise
 y - 9 scrolls of blinking
 C - 4 scrolls of enchant weapon
 E - 3 scrolls of silence
 G - a scroll of amnesia
 H - 4 scrolls of summoning
 J - 3 scrolls of fear
 K - 5 scrolls of enchant armour
 M - 5 scrolls of identify
 Q - 2 scrolls of fog
Potions
 e - 5 potions of heal wounds
 h - 5 potions of enlightenment
 i - 3 potions of attraction
 j - 5 potions of haste
 k - 22 potions of curing
 o - 4 potions of might
 p - 3 potions of mutation
 B - 3 potions of magic
 D - a potion of cancellation
 F - 2 potions of resistance
 V - 3 potions of brilliance
Miscellaneous
 t - a condenser vane


   Skills:
 - Level 15.0 Fighting
 - Level 14.0 Maces & Flails
 - Level 5.1 Throwing
 - Level 16.0 Dodging
 - Level 10.0 Shields
 - Level 3.5 Unarmed Combat
 + Level 8.5 Spellcasting
 + Level 9.2 Translocations
 + Level 8.4 Evocations
 - Level 15.0 Shapeshifting


You had 28 spell levels left.
You knew the following spells:

 Your Spells              Type           Power      Damage    Failure   Level
a - Blink                 Tloc           62%        N/A       1%          2
b - Manifold Assault      Tloc           31%        N/A       10%         4

Your spell library contained the following spells:

 Spells                   Type           Power      Damage    Failure   Level
 Lesser Beckoning         Tloc           62%        N/A       1%          2
 Gell's Gravitas          Tloc           31%        N/A       3%          3
 Teleport Other           Tloc           31%        N/A       3%          3
 Momentum Strike          Conj/Tloc      36%        3d9       10%         2
 Foxfire                  Conj/Fire      20%        2x1d5     41%         1
 Magic Dart               Conj           20%        1d4       41%         1
 Sandblast                Erth           10%        2d5       41%         1
 Searing Ray              Conj           10%        2d4       54%         2
 Dimensional Bullseye     Hex/Tloc       9%         N/A       54%         4
 Iskenderun's Mystic Bla  Conj/Tloc      18%        2d6       54%         4
 Call Canine Familiar     Summ           5%         N/A       78%         3
 Frozen Ramparts          Ice            10%        1d2       78%         3
 Passwall                 Erth           5%         N/A       78%         3
 Sigil of Binding         Hex            5%         N/A       78%         3
 Stone Arrow              Conj/Erth      10%        3d7       78%         3
 Tukima's Dance           Hex            5%         N/A       78%         3
 Dispersal                Tloc           15%        N/A       83%         6
 Animate Dead             Necr           5%         N/A       99%         4
 Brom's Barrelling Bould  Conj/Erth      5%         2d3       99%         4
 Fulminant Prism          Conj/Alch      2%         3d5       99%         4
 Leda's Liquefaction      Alch/Erth      2%         N/A       99%         4
 Petrify                  Alch/Erth      5%         N/A       99%         4
 Fireball                 Conj/Fire      2%         3d4       100%        5
 Iskenderun's Battlesphe  Conj           5%         2d6       100%        5
 Metabolic Englaciation   Hex/Ice        2%         N/A       100%        5
 Bombard                  Conj/Erth      2%         9d1       100%        6
 Haunt                    Necr/Summ      2%         N/A       100%        7
 Spellforged Servitor     Conj/Summ      2%         N/A       100%        7
 Disjunction              Tloc           15%        N/A       100%        8
 Infestation              Necr           2%         N/A       100%        8


Dungeon Overview and Level Annotations

Branches:
Dungeon (15/15)            Temple (1/1) D:7            Lair (5/5) D:11
  Swamp (4/4) Lair:3        Snake (4/4) Lair:2        Slime (0/5) Lair:4
    Orc (2/2) D:10            Elf (0/3) Orc:2        Vaults (0/5) D:13
 Depths (0/4) D:15          IceCv (1/1)             Gauntlet (visited)

Altars:
Ashenzari
Cheibriados
Dithmenos
Elyvilon
Fedhas
Gozag
Hepliaklqana
Kikubaaqudgha
Makhleb
Nemelex Xobeh
Okawaru
Qazlal
Ru
Sif Muna
Trog
Uskayaw
Vehumet
Wu Jian
Xom
Yredelemnul
Zin
The Shining One

Shops:
D:14 *   Orc:1 [   Orc:2 *([*   Snake:1 *   Snake:3 *=(

Annotations:
IceCv 1 transporter, exclusion: orange crystal statue


Innate Abilities, Weirdness & Mutations

You are a living statue of rough stone.
Your actions are slow, but your melee attacks are powerful.
You are resistant to unholy torment.
Your maximum health is increased.
Your equipment is partially melded.
((You can breathe blasts of scalding, opaque steam.))
((Your pale cyan-grey scales are hard. (AC +10)))
You cannot fit into any form of body armour.
You are immune to poison.
You are cold-blooded and may be slowed by cold attacks.
You are immune to the effects of steam.


Message History

Okay, then.
As you read the scroll of teleportation, it crumbles to dust.
You feel strangely unstable.
You block the harpy simulacrum's attack. x4
The harpy simulacrum claws you but does no damage.
The harpy simulacrum misses you. The freezing wraith barely misses you.
The freezing wraith hits you!
* * * LOW HITPOINT WARNING * * *
The orange crystal statue glitters.
The red very ugly thing misses you.
The harpy simulacrum completely misses you.
The harpy simulacrum claws you.
* * * LOW HITPOINT WARNING * * *
The harpy simulacrum freezes you. You resist.
* * * LOW HITPOINT WARNING * * *
The seven-headed hydra simulacrum closely misses you.
The seven-headed hydra simulacrum bites you.
* * * LOW HITPOINT WARNING * * *
The seven-headed hydra simulacrum freezes you!
You resist.
* * * LOW HITPOINT WARNING * * *
The seven-headed hydra simulacrum bites you but does no damage.
The seven-headed hydra simulacrum closely misses you. x2
The seven-headed hydra simulacrum bites you but does no damage.
The seven-headed hydra simulacrum barely misses you.
The freezing wraith barely misses you.
The freezing wraith hits you but does no damage.
The orange crystal statue glitters.
You resist with almost no effort.
The harpy simulacrum claws you but does no damage. x2
The red very ugly thing basks in your mutagenic energy and changes!
The seven-headed hydra simulacrum bites you but does no damage. x2
The seven-headed hydra simulacrum misses you.
The seven-headed hydra simulacrum bites you but does no damage.
The seven-headed hydra simulacrum closely misses you.
The seven-headed hydra simulacrum bites you but does no damage. x2
The freezing wraith hits you but does no damage.
The freezing wraith barely misses you.
The caustic shrike simulacrum claws you!
You die...

### ##### #∩.#
###...#### #..8#
##........##
#...8##..........##
#....8#...........##
#[.Z..#....8.......#
#)W.ZW#8.(.........###
#8).Z8#©©[.......∩∩÷..
#$:.Zu#8...........###
#?....#....8.......#
#....8#...........##
#...8##..........##
#..8# ##........##
#©.# ###...#### ###
#####


You could see a white very ugly thing, an orange crystal statue, 2 freezing
wraiths, a seven-headed hydra simulacrum (summoned, expiring), a harpy
simulacrum (summoned) and 2 caustic shrike simulacra.

Vanquished Creatures
  Bai Suzhen (Swamp:2)
  Vashnia (Snake:2)
  Jorgrun (Orc:2)
  Gastronok (Lair:1)
  A thorn hunter (Swamp:4)
  4 nagarajas
  The ghost of strontium90w the Severer, a journeyman HOFi of Trog (Swamp:1)
  An ironbound preserver (D:13)
  5 ghouls
  A very ugly thing (IceCv)
  3 eleionomae
  The ghost of bob002 the Fencer, a journeyman DsGl of Gozag (Orc:1)
  3 bunyips
  A minotaur (Gauntlet)
  2 spectral fenstrider witches (Swamp:1)
  3 shambling mangroves
  Josephine (Lair:4)
  Fannar (Lair:1)
  A rakshasa (D:13)
  A salamander tyrant (Snake:1)
  2 ice dragons (D:15)
  13 hydras
  A catoblepas (Lair:3)
  10 alligators
  2 ghost crabs (Swamp:2)
  6 anacondas
  5 centaur warriors
  2 boulder beetles
  4 two-headed ogres
  4 tengu warriors
  3 death yaks (Gauntlet)
  14 naga warriors
  A spriggan berserker (Swamp:4)
  4 orc high priests
  14 naga sharpshooters
  11 shock serpents
  23 spriggans
  A spectral bunyip (Swamp:1)
  4 skysharks
  A spectral spriggan (Swamp:1)
  4 goliath frogs
  2 sea snakes
  A spectral hydra (Swamp:1)
  A spriggan druid (Lair:3)
  3 salamander mystics
  A deep troll (Lair:3)
  10 bog bodies
  11 mana vipers
  13 swamp dragons
  6 naga ritualists
  A harpy (shapeshifter) (D:14)
  6 deep elf pyromancers
  A necromancer (Gauntlet)
  5 orc knights
  2 lindwurms
  12 salamanders
  4 orc sorcerers (Orc:2)
  5 will-o-the-wisps
  6 cyclopes
  26 ugly things
  5 kobold blastminers
  4 guardian serpents
  11 elephants
  An ice statue (Gauntlet)
  16 naga magi
  38 black mambas
  A rust devil (Gauntlet)
  11 cane toads
  3 gargoyles
  A bunyip simulacrum (Swamp:1)
  Jeremiah (D:9)
  A freezing wraith (IceCv)
  5 rime drakes
  5 komodo dragons
  An anaconda simulacrum (IceCv)
  4 trolls
  A bloated husk (Swamp:1)
  2 alligator simulacra (IceCv)
  5 tyrant leeches
  3 polar bears (Lair:5)
  Grinder (D:6)
  21 hornets
  20 blink frogs
  12 dream sheep
  Prince Ribbit (D:6)
  5 slime creatures
  A culicivora (shapeshifter) (D:15)
  A ynoxinul (Gauntlet)
  A dire elephant simulacrum (IceCv)
  3 wyverns
  6 wraiths
  4 shadows
  A vampire (D:13)
  47 yaks
  4 basilisks
  A steam dragon (D:10)
  7 wargs
  7 vampire mosquitoes
  A spriggan simulacrum (Swamp:1)
  Edmund (D:6)
  A hydra simulacrum (IceCv)
  2 harpy simulacra (IceCv)
  38 nagas
  4 swamp worms
  5 acid dragons
  14 water moccasins
  8 swamp drakes
  A water moccasin (shapeshifter) (D:13)
  4 black bears
  17 orc warriors
  4 sky beasts
  An ice beast (D:5)
  An ettin simulacrum (IceCv)
  8 ogres
  33 wolves
  4 boggarts
  6 centaurs
  A kobold brigand (D:10)
  16 bullfrogs
  2 gnoll sergeants (D:10)
  2 necrophages (Swamp:4)
  2 scorpions (D:5)
  9 wights
  15 killer bees
  4 howler monkeys
  8 electric eels
  3 lava snakes
  5 hounds
  3 jellies
  A bombardier beetle (D:6)
  A gnoll bouda (D:9)
  22 orc priests
  A sleepcap (D:6)
  2 iguanas (D:5)
  4 iron imps (Gauntlet)
  20 orc wizards
  9 hell rats (Lair:1)
  7 gnolls
  5 adders
  12 river rats (Lair:1)
  3 shadow imps
  A white imp (D:7)
  2 ribbon worms (D:2)
  2 dart slugs
  54 orcs
  6 ball pythons
  6 endoplasms
  6 giant cockroaches
  7 goblins
  4 hobgoblins
  2 jackals (D:1)
  5 quokkas
  3 bats
  A frilled lizard (D:3)
  12 kobolds
  15 rats
  A butterfly (Lair:2)
978 creatures vanquished.

Vanquished Creatures (others)
  Aizul (Swamp:1)
  A naga sharpshooter (Snake:2)
  A bloated husk (Swamp:3)
  A hornet (Swamp:3)
  A tyrant leech (Swamp:3)
  A spriggan (Swamp:3)
  3 vampire mosquitoes (Swamp:1)
  32 foxfires
  39 spectral weapons
80 creatures vanquished.

Grand Total: 1058 creatures vanquished

Notes
Turn   | Place    | Note
-------+----------+-------------------------------------------
     0 | D:1      | login18 the Draconian Shapeshifter began the quest for the
                  | Orb.
     0 | D:1      | Reached XP level 1. HP: 16/16 MP: 1/1
   198 | D:1      | Reached skill level 2 in Dodging
   205 | D:1      | Reached XP level 2. HP: 23/23 MP: 2/2
   743 | D:2      | Reached XP level 3. HP: 29/29 MP: 3/3
   867 | D:2      | Found a faded altar of an unknown god.
  1346 | D:3      | Identified the +8 flail of Efocy {spect, Int+3}
  1467 | D:3      | Found a glowing silver altar of Zin.
  1489 | D:3      | Reached XP level 4. HP: 37/37 MP: 4/4
  1936 | D:4      | Noticed an ogre
  1944 | D:4      | Killed an ogre
  1945 | D:4      | Reached skill level 1 in Maces & Flails
  1945 | D:4      | Reached skill level 3 in Dodging
  1945 | D:4      | Reached XP level 5. HP: 28/45 MP: 5/5
  2169 | D:4      | Found a basalt altar of Yredelemnul.
  2424 | D:5      | Entered Level 5 of the Dungeon
  2540 | D:5      | Reached XP level 6. HP: 39/51 MP: 6/6
  2944 | D:5      | Your scales start taking on a pale cyan-grey colour.
  2944 | D:5      | Reached XP level 7. HP: 28/59 MP: 7/7
  2944 | D:5      | Gained mutation: You are immune to the effects of steam.
                  | [Pale Draconian growth]
  3141 | D:5      | Reached skill level 4 in Dodging
  3498 | D:5      | Reached skill level 5 in Shapeshifting
  3500 | D:5      | Reached skill level 5 in Fighting
  3507 | D:5      | Reached XP level 8. HP: 27/68 MP: 8/8
  4087 | D:6      | Noticed Edmund
  4101 | D:6      | Killed Edmund
  4405 | D:6      | Noticed Prince Ribbit
  4426 | D:6      | Found an ancient bone altar of Kikubaaqudgha.
  4426 | D:6      | Found an opulent altar of Gozag.
  4482 | D:6      | Found a snail-covered altar of Cheibriados.
  4487 | D:6      | Reached skill level 5 in Maces & Flails
  4534 | D:6      | Killed Prince Ribbit
  4719 | D:6      | Noticed Grinder
  4728 | D:6      | Paralysed by Grinder for 4 turns
  4734 | D:6      | Killed Grinder
  4921 | D:7      | Found a stormy altar of Qazlal.
  4927 | D:7      | Reached XP level 9. HP: 79/79 MP: 9/9
  5207 | D:7      | Got Pyaf's Atlas of the Gargoyle and Percussion
  5304 | D:7      | Found a staircase to the Ecumenical Temple.
  5310 | Temple   | Entered the Ecumenical Temple
  5348 | Temple   | Became a worshipper of the Wu Jian Council
  5842 | D:8      | Found a hide-covered altar of Uskayaw.
  6430 | D:8      | Paralysed by a hornet for 3 turns
  6708 | D:8      | Found a shimmering altar of Xom.
  6709 | D:8      | Found a shimmering altar of Xom.
  6753 | D:8      | Found a shimmering altar of Xom.
  6756 | D:8      | Found a shadowy altar of Dithmenos.
  6760 | D:8      | Found a shimmering altar of Xom.
  6761 | D:8      | Found a shimmering altar of Xom.
  7188 | D:9      | Noticed a troll
  7191 | D:9      | Noticed Jeremiah
  7197 | D:9      | Killed a troll
  7283 | D:9      | Killed Jeremiah
  7284 | D:9      | Reached XP level 10. HP: 54/90 MP: 10/10
  7622 | D:9      | Reached * piety under Wu Jian
  8080 | D:10     | Entered Level 10 of the Dungeon
  8123 | D:10     | Found a sacrificial altar of Ru.
  8218 | D:10     | Found a glowing golden altar of the Shining One.
  8581 | D:10     | Found a staircase to the Orcish Mines.
  8582 | D:10     | Identified the +1 pair of gloves "Ahi Dokui" {rC+ rN+}
  9019 | D:10     | Noticed a deep elf pyromancer
  9027 | D:10     | Noticed a deep elf pyromancer
  9029 | D:10     | Reached skill level 10 in Shapeshifting
  9041 | D:10     | Killed a deep elf pyromancer
  9045 | D:10     | Noticed a centaur warrior
  9045 | D:10     | Noticed a centaur warrior
  9050 | D:10     | Killed a centaur warrior
  9051 | D:10     | Reached skill level 10 in Fighting
  9051 | D:10     | Reached XP level 11. HP: 54/99 MP: 11/11
  9055 | D:10     | Killed a centaur warrior
  9180 | D:10     | Reached ** piety under Wu Jian
  9403 | D:10     | Found a bloodstained altar of Trog.
  9406 | D:10     | Found a blossoming altar of Fedhas.
  9606 | D:10     | Killed a deep elf pyromancer
  9702 | D:11     | Noticed a red ugly thing
  9712 | D:11     | Killed a red ugly thing
  9914 | D:11     | Found a staircase to the Lair.
  9957 | D:11     | Noticed a boulder beetle
 10106 | D:11     | a boulder beetle changed into a sea snake
 10106 | D:11     | Noticed a sea snake
 10110 | D:11     | Killed a sea snake
 10316 | D:11     | Noticed a two-headed ogre
 10323 | D:11     | Killed a two-headed ogre
 10785 | Lair:1   | Entered Level 1 of the Lair of Beasts
 10925 | Lair:1   | Noticed Fannar
 10937 | Lair:1   | Killed Fannar
 11077 | Lair:1   | Reached skill level 10 in Maces & Flails
 11518 | Lair:1   | Reached XP level 12. HP: 93/110 MP: 12/12
 11589 | Lair:1   | Noticed Gastronok
 11596 | Lair:1   | Killed Gastronok
 12108 | Lair:1   | Reached *** piety under Wu Jian
 12655 | Lair:2   | Reached **** piety under Wu Jian
 13274 | Lair:2   | Found a staircase to the Snake Pit.
 14043 | Lair:3   | Noticed a six-headed hydra
 14060 | Lair:3   | Killed a six-headed hydra
 14172 | Lair:3   | Reached XP level 13. HP: 102/119 MP: 13/13
 14320 | Lair:3   | Reached ***** piety under Wu Jian
 14457 | Lair:3   | Found a staircase to the Swamp.
 14547 | Lair:3   | Reached skill level 1 in Shields
 15103 | Lair:4   | Found a staircase to the Slime Pits.
 15504 | Lair:5   | Entered Level 5 of the Lair of Beasts
 15817 | Lair:5   | Noticed Josephine
 15837 | Lair:4   | Killed Josephine
 15852 | Lair:5   | Reached skill level 15 in Shapeshifting
 15904 | Lair:5   | Reached XP level 14. HP: 130/130 MP: 14/14
 16052 | Lair:5   | Reached skill level 1 in Evocations
 16153 | Lair:5   | Reached skill level 1 in Throwing
 16168 | Lair:5   | Reached ****** piety under Wu Jian
 16169 | Lair:5   | Reached skill level 5 in Shields
 17024 | Lair:5   | Learned a level 2 spell: Blink
 17220 | Orc:1    | Entered Level 1 of the Orcish Mines
 17343 | Orc:1    | Found a runed translucent gate.
 17343 | Orc:1    | Found a runed translucent gate.
 17343 | Orc:1    | Found a runed translucent gate.
 17370 | Orc:1    | Noticed bob002's ghost (journeyman DsGl)
 17661 | Orc:1    | Found Soetio Ficwo's Antique Armour Boutique.
 18046 | Orc:1    | Killed bob002's ghost
 18271 | Orc:2    | Entered Level 2 of the Orcish Mines
 18395 | Orc:2    | Found Xuaxu's Assorted Antiques.
 18577 | Orc:2    | Found Mijis's Armour Shoppe.
 18584 | Orc:2    | Found Zoagid's Weapon Shoppe.
 18586 | Orc:2    | Found Kaunem's General Store.
 18594 | Orc:2    | Bought a scroll of teleportation for 42 gold pieces
 18594 | Orc:2    | Bought a scroll of summoning for 133 gold pieces
 18606 | Orc:2    | Bought a potion of invisibility for 184 gold pieces
 18606 | Orc:2    | Bought a potion of curing for 69 gold pieces
 18606 | Orc:2    | Bought a scroll of poison for 92 gold pieces
 18606 | Orc:2    | Bought a tubular tourmaline ring for 115 gold pieces
 18606 | Orc:2    | Bought a potion of curing for 69 gold pieces
 18608 | Orc:2    | Bought the +0 pair of gloves of the Lost Wonders {Will+
                  | Slay+2} for 255 gold pieces
 18703 | Orc:2    | Noticed Jorgrun
 18711 | Orc:2    | Killed Jorgrun
 18712 | Orc:2    | Reached skill level 5 in Evocations
 18905 | Orc:2    | Found a staircase to the Elven Halls.
 19389 | D:12     | Found a gate leading to a gauntlet.
 19410 | Gauntlet | Entered a Gauntlet
 19410 | Gauntlet | Found a transporter.
 19410 | Gauntlet | Found a transporter.
 19411 | Gauntlet | Found a transporter.
 19414 | Gauntlet | Found a transporter.
 19414 | Gauntlet | Found a transporter.
 19415 | Gauntlet | Found a transporter.
 19430 | Gauntlet | Found a transporter.
 19430 | Gauntlet | Found a transporter.
 19430 | Gauntlet | Found a transporter.
 19430 | Gauntlet | Found a transporter.
 19441 | Gauntlet | Found a transporter.
 19445 | Gauntlet | Found a transporter.
 19741 | Gauntlet | Reached XP level 15. HP: 134/138 MP: 15/15
 19910 | Gauntlet | Identified the +8 dire flail "Hijoxubb" {freeze, Str+2}
 19910 | Gauntlet | Identified the ring "Emet" {rF+ MP+9 Str+2}
 20771 | D:13     | Reached skill level 5 in Throwing
 20776 | D:13     | Reached skill level 15 in Fighting
 21016 | D:13     | Identified a scroll of acquirement
 21018 | D:13     | Acquired a manual of Dodging
 21053 | D:13     | Found a gate to the Vaults.
 21060 | D:13     | Reached skill level 5 in Dodging
 21398 | D:14     | Reached skill level 6 in Dodging
 21590 | D:14     | Reached skill level 7 in Dodging
 21613 | D:14     | Reached skill level 8 in Dodging
 21863 | D:14     | Found Bukhlyosa's Assorted Antiques.
 21868 | D:14     | Bought a scroll labelled ZOTSI IVECROL for 27 gold pieces
 21868 | D:14     | Bought a potion of heal wounds for 135 gold pieces
 22014 | D:14     | Reached skill level 9 in Dodging
 22537 | D:14     | Reached skill level 10 in Dodging
 22651 | D:15     | Entered Level 15 of the Dungeon
 22896 | D:15     | Reached skill level 11 in Dodging
 23185 | D:15     | Found a staircase to the Depths.
 23519 | D:15     | Reached skill level 12 in Dodging
 23722 | Swamp:1  | Entered Level 1 of the Swamp
 23722 | Swamp:1  | Identified the serpent talisman of the Desert {Fly rF+
                  | Str+3 Dex-5}
 23722 | Swamp:1  | Noticed Aizul
 23734 | Swamp:1  | Killed Aizul
 24142 | Lair:3   | Reached skill level 13 in Dodging
 24245 | Swamp:1  | Reached XP level 16. HP: 149/149 MP: 16/16
 24559 | Swamp:1  | Noticed strontium90w's ghost (journeyman HOFi)
 24583 | Swamp:1  | Found a transporter.
 24588 | Swamp:1  | Found a transporter.
 24990 | Swamp:1  | Killed strontium90w's ghost
 25035 | Swamp:1  | Reached skill level 14 in Dodging
 25651 | Swamp:3  | Noticed Bai Suzhen
 25810 | Swamp:2  | Reached skill level 15 in Dodging
 25863 | Swamp:2  | Killed Bai Suzhen
 26464 | Swamp:3  | Learned a level 4 spell: Manifold Assault
 26489 | Swamp:4  | Entered Level 4 of the Swamp
 26603 | Swamp:4  | Reached skill level 1 in Translocations
 26660 | Swamp:4  | Reached skill level 1 in Spellcasting
 27106 | Swamp:4  | Noticed a thorn hunter
 27137 | Swamp:4  | Killed a thorn hunter
 27410 | Swamp:4  | Got a decaying rune of Zot
 27444 | Swamp:4  | Reached XP level 17. HP: 137/156 MP: 21/21
 27727 | Snake:1  | Entered Level 1 of the Snake Pit
 27844 | Snake:1  | Found Kisecieg's Assorted Antiques.
 28664 | Snake:1  | Reached skill level 16 in Dodging
 29043 | Snake:2  | Reached skill level 5 in Translocations
 29389 | Snake:2  | Reached skill level 5 in Spellcasting
 29676 | Snake:2  | Noticed Vashnia
 29701 | Snake:2  | Killed Vashnia
 29856 | Snake:2  | Reached skill level 10 in Shields
 30543 | Snake:3  | Identified the serpent talisman of the Lily {rElec}
 30607 | Snake:3  | Found Faqoygi's General Store.
 30607 | Snake:3  | Found Gurrof's Jewellery Shop.
 30612 | Snake:3  | Found Paylimah's Weapon Boutique.
 30641 | Snake:3  | Bought a potion of heal wounds for 70 gold pieces
 30641 | Snake:3  | Bought a potion of resistance for 140 gold pieces
 30641 | Snake:3  | Bought a scroll of teleportation for 42 gold pieces
 30641 | Snake:3  | Bought a potion of heal wounds for 70 gold pieces
 31011 | Snake:3  | Reached XP level 18. HP: 141/163 MP: 29/29
 31666 | Snake:4  | Entered Level 4 of the Snake Pit
 31848 | Snake:4  | Found a glacial archway.
 31857 | IceCv    | Entered an ice cave
 32087 | IceCv    | Found a transporter.
 32099 | IceCv    | Found a transporter.
 32112 | IceCv    | Slain by a caustic shrike simulacrum

Illustrated notes

Levels and vault maps discovered:
D:1:      dpeg_arrival_rooms_with_view, layout_basic, serial_corexii_hall,
          chequers_hall_statues_wall_a, chequers_hall_statues_corner_a,
          chequers_hall_statues_corner_a, corexii_hall_statues_i,
          corexii_hall_statues_t, chequers_hall_statues_y
D:2:      layout_rooms, dreamdust_ecumenical_altar_statues
D:3:      layout_rooms, lemuel_crystal_altar
D:4:      layout_rooms, mainiacjoe_overflow_small_starburst,
          serial_corexii_hall, chequers_hall_statues_wall_a,
          corexii_hall_statues_i, nicolae_the_louvre
D:5:      layout_basic, chequers_serial_rivers_large_a
D:6:      layout_gridville, slow_altar_1, gammafunk_temple_overflow_wave,
          uniq_prince_ribbit1, uniq_grinder, uniq_edmund
D:7:      layout_loops_ring, nicolae_qazlal_beasts_of_the_sky, temple_green,
          minivault_1
D:8:      layout_gridville, xom_redecorated, mainiacjoe_overflow_cross_hatched,
          nicolae_uskayaw_suspiria
D:9:      layout_stronghold, hangedman_decor_opposing, uniq_jeremiah
D:10:     minmay_slanted_spiral_squares, layout_cave_pods, lemuel_round_altar,
          nicolae_ru_awakened_eye, nicolae_overflow_squiral, orc_0_dummy,
          amcnicky_mini_rare_corridor_liquid
D:11:     layout_irregular_city, lair_entry_dummy, hex_medium,
          minmay_crystal_water
D:12:     layout_long_grid, gauntlet_entry_generic, lightli_corner_chamber
D:13:     layout_cave_pools, skrybe_vaults_entry_preservation
D:14:     layout_basic, serial_shops, kennysheep_little_box, minivault_4,
          kennysheep_generic_room_3
D:15:     grunt_enter_depths_hoard, layout_irregular_city
Temple:   jpeg_temple_island
Lair:1:   lemuel_ratsnest, layout_gridlike, grunt_megastairs_3, uniq_gastronok,
          uniq_fannar
Lair:2:   layout_regular_city, nicolae_snake_entry_warm_welcome,
          lemuel_fruit_fields
Lair:3:   dreamdust_cave_troll, layout_loops_ring,
          nicolae_swamp_entry_splash_gauntlet
Lair:4:   layout_gridlike, slime_entry_1, columned_hall_lemuel
Lair:5:   minmay_lair_end_enchanted_forest, layout_big_grid, grunt_megastairs_5,
          uniq_josephine
Swamp:1:  layout_basic_swamp, gammafunk_ghost_mausoleum,
          evilmike_swamp_ruin_house_3, uniq_aizul
Swamp:2:  layout_basic_swamp, evilmike_swamp_ruin_house_2
Swamp:3:  layout_falls_marsh, infiniplex_staircase_pool, swamp_pool_1_2,
          uniq_bai_suzhen
Swamp:4:  swamp_basic_johnstein, layout_basic_swamp, swamp_pool_5
Snake:1:  layout_misc_corridors, serial_shops, shop, grunt_ministairs_1,
          st_stairs_11, serial_bayou_shore_a, serial_bayou_shore_b
Snake:2:  nicolae_cobra_stairs, layout_layer_cave, uniq_vashnia
Snake:3:  layout_basic, grunt_megastairs_2, minmay_shop_star
Snake:4:  johnstein_snake_rune_scales, layout_misc_corridors,
          portal_ice_cave_entry_ugly_swarm
Orc:1:    layout_caves, gammafunk_ghost_split, serial_shops, shop,
          minmay_orc_keep
Orc:2:    st_orc_elflike, layout_caves, basic_altar, uniq_jorgrun
IceCv:    ice_cave_statue_garden_transporter

Skill      XL: |  1  2  3  4  5  6  7  8  9 10 11 12 13 14 15 16 17 18 |
---------------+-------------------------------------------------------+-----
Dodging        | 2 3 4 13 15 16 | 16.0
Fighting       | 2 3 4 5 7 8 10 11 12 13 14 15 | 15.0
Maces & Flails | 1 2 4 5 7 8 10 11 12 13 14 | 14.0
Shapeshifting  | 4 5 6 8 10 12 13 15 | 15.0
Shields        | 4 7 8 10 | 10.0
Evocations     | 5 6 7 8 |  8.4
Throwing       | 4 5 |  5.1
Translocations | 3 8 9 |  9.2
Spellcasting   | 2 7 8 |  8.5
Unarmed Combat | |  3.5

Action                     |  1- 3 |  4- 6 |  7- 9 | 10-12 | 13-15 | 16-18 || total
---------------------------+-------+-------+-------+-------+-------+-------++-------
  Melee: Unarmed           |    86 |       |       |       |       |       ||    86
         Tailslap          |    15 |     8 |    19 |    85 |   155 |   178 ||   460
         Punch             |     2 |     1 |     5 |    18 |     2 |       ||    28
         Flail             |     3 |    64 |   147 |   490 |   988 |  1066 ||  2758
   Cast: Manifold Assault  |       |       |       |       |       |    14 ||    14
 Invoke: Serpent's Lash    |       |       |       |       |     1 |     2 ||     3
         Heavenly Storm    |       |       |       |       |     1 |     1 ||     2
Ability: Breathe Steam     |       |       |     1 |     4 |       |       ||     5
         Lunge             |       |       |     8 |    20 |    58 |    41 ||   127
         Whirlwind         |       |       |       |    44 |   144 |   113 ||   301
         Begin Untransform |       |       |       |     1 |       |     1 ||     2
         Wall Jump         |       |       |       |       |       |     5 ||     5
  Evoke: Wand              |       |       |       |     6 |       |     2 ||     8
    Use: Potion            |       |     1 |     1 |       |     7 |    10 ||    19
         Scroll            |       |       |       |    13 |    18 |    12 ||    43
   Stab: Sleeping          |       |       |     2 |     1 |     1 |     2 ||     6
         Distracted        |       |       |       |     2 |     9 |     6 ||    17
         Petrified         |       |       |       |       |     3 |       ||     3
         Invisible         |       |       |       |       |       |     1 ||     1
 Armour: Skin              |    63 |    46 |   122 |   232 |   594 |   889 ||  1946
  Dodge: Dodged            |    49 |    44 |   105 |   286 |   647 |   797 ||  1928
  Block: Other             |       |       |     1 |    79 |     3 |       ||    83
         Reflection        |       |       |       |     4 |    29 |   109 ||   142
         Kite shield       |       |       |       |       |   850 |   512 ||  1362
         Tower shield      |       |       |       |       |       |   874 ||   874
   Form: Flux              |       |       |       |     1 |       |       ||     1
         Statue            |       |       |       |     1 |       |     1 ||     2
